 Dungeon Crawl Stone Soup version 0.26.1 (webtiles) character file.

Game seed: 1351469790058307034

2775 pokeman the Thaumaturge (level 9, -7/51 HPs)
             Began as a Deep Elf Hedge Wizard on Feb 8, 2021.
             Was a Follower of Vehumet.
             Killed from afar by an electric eel (8 damage)
             ... with a bolt of electricity
             ... on level 7 of the Dungeon.
             The game lasted 00:26:23 (10561 turns).

pokeman the Thaumaturge (Deep Elf Hedge Wizard)    Turns: 10561, Time: 00:26:23

Health: -7/51      AC:  7    Str:  7    XL:     9   Next: 42%
Magic:  22/26      EV: 12    Int: 23    God:    Vehumet [*.....]
Gold:   319        SH:  0    Dex: 14    Spells: 19/30 levels left

rFire    + . .     SeeInvis .   B - +2 short sword (venom)
rCold    + . .     Faith    .   (no shield)
rNeg     . . .     Spirit   .   h - +0 leather armour
rPois    +         Reflect  .   c - +0 hat
rElec    .         Harm     .   u - scarf {rC+ rF+}
rCorr    .         Rampage  .   o - +0 pair of gloves
Will     .....                  z - +2 pair of boots
Stlth    +.........             (no amulet)
HPRegen  0.17/turn              y - ring of poison resistance
MPRegen  0.20/turn              (no ring)

@: very slightly contaminated, very slow
A: no striking features
a: Renounce Religion


You were on level 7 of the Dungeon.
You worshipped Vehumet.
Vehumet was aware of your devotion.
You visited 2 branches of the dungeon, and saw 8 of its levels.
You also visited: Sewer.

You collected 345 gold pieces.
You spent 26 gold pieces at shops.

Inventory:

Hand Weapons
 B - a +2 short sword of venom (weapon)
 C - a +0 shortbow
Missiles
 k - 127 arrows
 p - 30 bolts
Armour
 c - a +0 hat (worn)
 h - a +0 leather armour (worn)
 o - a +0 pair of gloves (worn)
 u - a scarf of resistance (worn)
 z - a +2 pair of boots (worn)
Jewellery
 y - a ring of poison resistance (left hand)
Wands
 A - a wand of paralysis (7)
 D - a wand of acid (6)
Scrolls
 a - 3 scrolls of amnesia
 b - 3 scrolls of enchant weapon
 d - 6 scrolls of enchant armour
 e - 7 scrolls of remove curse
 f - 2 scrolls of immolation {unknown}
 m - a scroll of noise {unknown}
 q - 3 scrolls of teleportation {unknown}
 t - a scroll of fear {unknown}
 v - 2 scrolls of magic mapping {unknown}
 x - 4 scrolls of fog {unknown}
Potions
 g - 2 potions of mutation
 i - a potion of brilliance
 j - a potion of lignification {unknown}
 l - 5 potions of cancellation
 r - 3 potions of heal wounds
 s - 2 potions of curing
 w - a potion of might {unknown}
 F - a potion of magic {unknown}
 G - a potion of resistance {unknown}


   Skills:
 + Level 3.2 Fighting
 - Level 3.2 Armour
 - Level 3.1 Dodging
 - Level 3.0 Stealth
 * Level 11.4 Spellcasting
 + Level 6.2 Conjurations
 - Level 1.1 Summonings
 - Level 1.1 Translocations
 + Level 5.0 Fire Magic
 - Level 1.2 Air Magic
 - Level 1.2 Poison Magic
 - Level 1.1 Evocations


You had 19 spell levels left.
You knew the following spells:

 Your Spells              Type           Power        Failure   Level
a - Magic Dart            Conj           100%         1%          1
b - Mephitic Cloud        Conj/Pois/Air  26%          6%          3
c - Call Imp              Summ           18%          7%          2
d - Blink                 Tloc           N/A          7%          2
e - Conjure Flame         Conj/Fire      39%          2%          3

Your spell library contained the following spells:

 Spells                   Type           Power        Failure   Level
 Sandblast                Erth           26%          7%          1
 Slow                     Hex            13%          11%         2


Dungeon Overview and Level Annotations

Branches:
Dungeon (7/15)             Temple (1/1) D:5           Sewer (visited)

Altars:
Dithmenos
Elyvilon
Fedhas
Makhleb
Qazlal
Vehumet
Wu Jian
Xom

Shops:
D:5 [   D:6 **

Annotations:
D:3 1 runed translucent door
D:7 Menkaure


Message History

Unknown command.
Unknown command.
An electric eel comes into view.
Menkaure shouts, "The sands of time shall wipe you from history!"
Menkaure calls on the powers of darkness!
Your body is wracked with pain!
Found 13 gold pieces.
Unknown command.
The electric eel shoots out a bolt of lightning at you!
The bolt of electricity hits you!
* * * LOW HITPOINT WARNING * * *
The electric eel shoots out a bolt of lightning at you!
The bolt of electricity hits you!
* * * LOW HITPOINT WARNING * * *
Casting: Magic Dart (safe; 1% risk of failure)
Confirm with . or Enter, or press ? or * to list all spells.
You can't see any susceptible monsters within range! (Use Z to cast anyway.)
The electric eel shoots out a bolt of lightning at you!
The bolt of electricity hits you!
You die...

#... .## #.# ##.. ..
#..##$. ### # ≈.
#≈≈P≈♣... #. .≈♣♣♣≈
≈≈≈≈≈≈≈.. #.
.♣♣≈≈≈≈♣♣♣♣≈≈P≈≈P≈.
#..
♣≈≈≈≈≈≈PP≈≈≈≈≈≈PM≈.
#..
....................
..#
≈≈≈≈≈≈≈≈@≈≈≈≈≈≈≈≈♣.#
P≈;≈≈≈≈≈≈≈≈≈PP≈♣..#.
≈≈P≈P≈♣♣≈≈≈P≈≈♣.....
≈≈♣♣♣P...≈≈P♣P...... ≈
♣.............≈≈≈♣≈♣
♣≈.#...........♣≈≈≈≈≈≈
♣♣ ##........♣♣≈≈≈≈≈≈≈
#####..#≈♣≈≈♣≈≈≈≈≈
##.♣P≈≈≈♣≈≈≈≈≈


You could see an electric eel.

Vanquished Creatures
  Pikel (D:6)
  Joseph (D:7)
  Grinder (D:6)
  Sigmund (D:2)
  The ghost of Gadfly the Cudgeller, an amateur OgGl (D:3)
  An ice beast (D:6)
  3 phantoms
  A centaur (D:5)
  2 big kobolds (Sewer)
  A water moccasin zombie (D:6)
  A scorpion (D:5)
  3 electric eels (D:7)
  2 hounds
  2 jellies (D:5)
  An orc wizard (D:4)
  A centaur skeleton (D:5)
  2 orc priests
  Ijyb (D:4)
  2 gnoll shamans
  A bullfrog skeleton (D:6)
  2 worker ants (D:4)
  A hound zombie (D:6)
  A howler monkey zombie (D:7)
  13 gnolls
  11 adders
  6 river rats
  A shadow imp (D:5)
  A white imp (D:6)
  2 ufetubi
  5 oozes
  An adder skeleton (D:6)
  An adder zombie (D:7)
  6 worms
  5 leopard geckos
  8 orcs
  16 ball pythons
  6 bats
  4 giant cockroaches
  5 goblins
  7 hobgoblins
  12 jackals
  9 kobolds
  3 quokkas
  7 frilled lizards
  A leopard gecko skeleton (D:4)
  15 rats
178 creatures vanquished.

Vanquished Creatures (collateral kills)
  A hound skeleton (D:7)
  A river rat (D:3)
  A worm (D:3)
  A ball python (D:3)
  A rat (D:3)
5 creatures vanquished.

Vanquished Creatures (others)
  3 fungi (D:4)
  14 plants
17 creatures vanquished.

Grand Total: 200 creatures vanquished

Notes
Turn   | Place    | Note
-------+----------+-------------------------------------------
     0 | D:1      | pokeman the Deep Elf Hedge Wizard began the quest for the
                  | Orb.
     0 | D:1      | Reached XP level 1. HP: 10/10 MP: 7/7
   377 | D:1      | Reached XP level 2. HP: 5/16 MP: 2/9
   805 | D:1      | You fall into a shaft and drop 1 floor!
   952 | D:1      | Reached skill level 5 in Spellcasting
  1317 | D:1      | Reached XP level 3. HP: 20/20 MP: 3/11
  1321 | D:1      | Learned a level 3 spell: Mephitic Cloud
  1324 | D:1      | Learned a level 2 spell: Call Imp
  1327 | D:1      | Learned a level 2 spell: Blink
  1331 | D:1      | Learned a level 3 spell: Conjure Flame
  1748 | D:2      | Found a burning altar of Makhleb.
  2100 | D:2      | Noticed Sigmund
  2150 | D:2      | HP: 1/20 [Sigmund/puff of flame (10)]
  2151 | D:2      | Killed Sigmund
  2152 | D:2      | Reached skill level 1 in Fighting
  2152 | D:2      | Reached skill level 1 in Armour
  2152 | D:2      | Reached skill level 6 in Spellcasting
  2152 | D:2      | Reached XP level 4. HP: 1/26 MP: 0/14
  2152 | D:2      | Reached XP level 5. HP: 2/30 MP: 0/15
  2686 | D:2      | Found an ornate altar of the Wu Jian Council.
  3145 | D:3      | Found a runed translucent door.
  3149 | D:3      | Noticed Gadfly's ghost (amateur OgGl)
  3236 | D:3      | Found a white marble altar of Elyvilon.
  3310 | D:3      | Found a glowing drain.
  3389 | Sewer    | Entered a sewer
  3925 | Sewer    | Reached XP level 6. HP: 35/35 MP: 11/17
  4017 | Sewer    | Reached skill level 1 in Fire Magic
  4133 | Sewer    | Reached skill level 7 in Spellcasting
  4556 | Sewer    | Reached skill level 1 in Air Magic
  4743 | D:3      | Found a runed translucent door.
  5628 | D:3      | Killed Gadfly's ghost
  5629 | D:3      | Reached skill level 1 in Poison Magic
  5629 | D:3      | Reached XP level 7. HP: 24/40 MP: 5/20
  5871 | D:4      | Reached skill level 8 in Spellcasting
  6302 | D:4      | Noticed Ijyb
  6304 | D:4      | Paralysed by Ijyb for 4 turns
  6316 | D:4      | Killed Ijyb
  6386 | D:4      | Found a stormy altar of Qazlal.
  6742 | D:4      | Found a blossoming altar of Fedhas.
  6836 | D:5      | Entered Level 5 of the Dungeon
  6958 | D:5      | Reached skill level 1 in Evocations
  6958 | D:5      | Reached XP level 8. HP: 30/44 MP: 7/22
  7135 | D:5      | Found Edo Xaeh's Armour Boutique.
  7169 | D:5      | Reached skill level 9 in Spellcasting
  7364 | D:5      | Found a blossoming altar of Fedhas.
  7396 | D:5      | Found a staircase to the Ecumenical Temple.
  7414 | Temple   | Entered the Ecumenical Temple
  7420 | Temple   | Became a worshipper of Vehumet
  7682 | D:6      | Noticed Grinder
  8085 | D:6      | Reached skill level 5 in Conjurations
  8267 | D:6      | Killed Grinder
  8268 | D:6      | Reached skill level 10 in Spellcasting
  8656 | D:6      | Found Fungu's General Store.
  8664 | D:6      | Bought a scroll of identify for 26 gold pieces
  8829 | D:6      | Found Dorghiys's Serpentskin Sales.
  8925 | D:7      | Reached * piety under Vehumet
  8925 | D:7      | Offered knowledge of Sandblast by Vehumet.
  9157 | D:7      | Noticed Pikel
  9157 | D:7      | Noticed Joseph
  9176 | D:6      | Killed Pikel
  9177 | D:6      | Reached XP level 9. HP: 29/49 MP: 17/25
  9312 | D:7      | Reached skill level 11 in Spellcasting
  9523 | D:7      | Noticed Menkaure
 10013 | D:7      | Killed Joseph
 10559 | D:7      | Reached skill level 5 in Fire Magic
 10560 | D:7      | HP: 1/51 [electric eel/bolt of electricity (9)]
 10561 | D:7      | Killed from afar by an electric eel

Illustrated notes

Levels and vault maps discovered:
D:1:      eino_arrival_cavern_c, layout_rooms, glass_columns_c
D:2:      layout_basic, nicolae_overflow_hidden_temple, lemuel_doored_altar,
          uniq_sigmund
D:3:      layout_basic, overflow_temple_1_default, portal_sewer_entry_e,
          ebering_ghost_sewer_f
D:4:      minmay_octagon_keep, layout_basic,
          grunt_temple_overflow_forces_of_nature, uniq_ijyb
D:5:      layout_cave_pools, minmay_temple_entry_junction, serial_shops, shop,
          fedhas_altar_1
D:6:      layout_cave_pools, serial_shops, shop, roderic_roman_lattice,
          guppyfry_shop_venom, uniq_grinder
D:7:      layout_cave_pools, nicolae_overflow_crystal_walls,
          lemuel_crystal_altar, serial_shops, nicolae_shop_statue_plus,
          serial_bayou, serial_bayou_lagoon_b, serial_bayou_ford_a,
          serial_bayou_lake_a, serial_bayou_pond_b, uniq_menkaure, uniq_joseph,
          uniq_pikel
Temple:   chequers_temple_sunken

Skill      XL: |  1  2  3  4  5  6  7  8  9 |
---------------+----------------------------+-----
Spellcasting   | 5 6 7 8 10 11 | 11.4
Fighting       | 1 2 3 |  3.2
Armour         | 1 2 3 |  3.2
Conjurations   | 2 3 4 5 6 |  6.2
Fire Magic     | 1 2 4 5 |  5.0
Dodging        | 3 |  3.1
Air Magic      | 1 |  1.2
Stealth        | 3 |  3.0
Poison Magic   | 1 |  1.2
Evocations     | 1 |  1.1
Summonings     | |  1.1
Translocations | |  1.1

Action                   |  1- 3 |  4- 6 |  7- 9 || total
-------------------------+-------+-------+-------++-------
Melee: Dagger            |    30 |       |       ||    30
       Whip              |     6 |    32 |    25 ||    63
       Short sword       |       |       |    85 ||    85
 Cast: Magic Dart        |    77 |   172 |   234 ||   483
       Conjure Flame     |     2 |     2 |     7 ||    11
       Mephitic Cloud    |     1 |       |    31 ||    32
       Call Imp          |       |     7 |    11 ||    18
       Blink             |       |       |     5 ||     5
  Use: Scroll            |       |       |     9 ||     9
 Stab: Confused          |     1 |       |    10 ||    11
       Sleeping          |       |       |     2 ||     2
       Distracted        |       |       |     1 ||     1
Armor: Robe              |     6 |       |       ||     6
       Leather armour    |     3 |    10 |    71 ||    84
Dodge: Dodged            |    44 |    34 |   146 ||   224
